 Dungeon Crawl Stone Soup version 0.20.0-7-g3b7b877 (webtiles) character file.

196 dorian the Firebug (level 5, -5/31 HPs)
             Began as an Octopode Fire Elementalist on May 29, 2017.
             Killed by divine providence
             ... invoked by an orc priest
              (14 damage)
             ... on level 3 of the Dungeon.
             The game lasted 00:12:35 (3195 turns).

dorian the Firebug (Octopode Fire Elementalist)     Turns: 3195, Time: 00:12:36

Health: -5/31      AC:  1    Str:  7    XL:     5   Next: 74%
Magic:  8/8        EV: 13    Int: 18    God:
Gold:   182        SH:  0    Dex: 13    Spells: 0/8 levels left

rFire    + . .     SeeInvis .   (no weapon)
rCold    . . .     Gourm    .   (no shield)
rNeg     . . .     Faith    .   (helmet restricted)
rPois    .         Spirit   .   (no amulet)
rElec    .         Reflect  .   e - ring of protection from fire
rCorr    .         Harm     .   (no ring)
MR       .....                  (no ring)
Stlth    +++.......             (no ring)
Regen    0.1/turn               (no ring)
MPRegen  0.2/turn               (no ring)
                                (no ring)
                                (no ring)

@: no status effects
A: almost no armour, stealthy swim, amphibious, 8 rings, constrict 8, camouflage
1, gelatinous body 1
a: no special abilities


You were on level 3 of the Dungeon.
You were not hungry.

You visited 1 branch of the dungeon, and saw 4 of its levels.

You collected 182 gold pieces.

Inventory:

Hand Weapons
 c - a +0 spear
Jewellery
 e - a ring of protection from fire (left tentacle)
Scrolls
 d - 2 scrolls of identify {unknown}
 i - a scroll of fog {unknown}
 k - 2 scrolls of teleportation {unknown}
 l - a scroll of noise {unknown}
 q - a scroll of amnesia {unknown}
Potions
 g - a potion of flight {unknown}
 h - 2 potions of lignification {unknown}
 j - 2 potions of heal wounds {unknown}
 m - 4 potions of curing {unknown}
 n - 2 potions of ambrosia {unknown}
 p - a potion of degeneration {unknown}
Books
 a - a book of Flames

   Spells                             Type                      Level
   a - Flame Tongue                   Conjuration/Fire             1
   b - Throw Flame                    Conjuration/Fire             2
   c - Conjure Flame                  Conjuration/Fire             3
   d - Inner Flame                    Hexes/Fire                   3
   e - Sticky Flame                   Conjuration/Fire             4
   f - Fireball                       Conjuration/Fire             5
Comestibles
 b - a bread ration
 f - 4 meat rations
 o - 2 royal jellies
 r - 5 chunks of flesh


   Skills:
 - Level 2.0 Dodging
 - Level 2.6 Stealth
 - Level 2.0 Spellcasting
 + Level 3.9 Conjurations
 + Level 4.8 Fire Magic


You couldn't memorise any spells.
You knew the following spells:

 Your Spells              Type           Power        Failure   Level  Hunger
a - Flame Tongue          Conj/Fire      ###..        3%          1    #......
b - Conjure Flame         Conj/Fire      ###.....     9%          3    ###....
c - Sticky Flame          Conj/Fire      ###.....     30%         4    #####..


Dungeon Overview and Level Annotations

Branches:
Dungeon (4/15)
 Temple: D:4-7

Altars:
Ru
Xom

Annotations:
D:3 grindst0ne's ghost, amateur FoFi


Innate Abilities, Weirdness & Mutations

You cannot wear most types of armour.
You are very stealthy in the water. (Stealth+)
You are amphibious.
You can wear up to eight rings at the same time.
You can use your tentacles to constrict eight enemies at once.
Your skin changes colour to match your surroundings (Stealth+).
Your rubbery body absorbs attacks. (AC +1, EV +1)


Message History

a flail; a leather armour Some of the chunks of flesh in your inventory have rotted away.
You see here 17 stones.
The orc priest shouts!
The orc priest calls down the wrath of Beogh upon you.
Beogh smites you!
There is an open door here.
The orc priest mumbles some strange prayers to Beogh against you.
Beogh smites you!
* * * LOW HITPOINT WARNING * * *
Casting: Flame Tongue
Confirm with . or Enter, or press ? or * to list all spells.
You can't see any susceptible monsters within range! (Use Z to cast anyway.) Unknown command.
Okay, then.
There is an open door here.
The orc priest looks encouraged for a moment.
The orc priest calls down the wrath of Beogh upon you.
Beogh smites you!
You die...

......#.#.##.#..#....###.........
.........................####'##.
.........#.###...#...##..# #.##.
.........#.###........#..####.##.
.........#..##..##...##..........
.........##.###..#..........#....
.............(...#...##.###.####.
.................#..............)
############....@..#.....##....#.
#### #####(.#.#....#'#.......+.
...# #........###.##.##.##...#.
...# #........#...#...#...##.#.
...# #..........####)####..#...
...# #.........##.#..(#.##.#...
...# #.........#..'..))).#.#...
...# #####o#...##.#...#.##.#...
...# #.......####'####..#...


You could see an orc priest.

Vanquished Creatures
  A hound (D:4)
  6 adders
  A gnoll (D:1)
  2 dart slugs
  2 worms (D:3)
  2 leopard geckos
  7 orcs
  2 ball pythons (D:2)
  3 giant cockroaches
  14 goblins
  8 hobgoblins
  9 jackals
  7 kobolds
  5 bats
  2 frilled lizards
  11 rats
82 creatures vanquished.

Notes
Turn   | Place    | Note
-------+----------+-------------------------------------------
     0 | D:1      | dorian the Octopode Fire Elementalist began the quest for the Orb.
     0 | D:1      | Reached XP level 1. HP: 11/11 MP: 3/3
   191 | D:1      | Reached XP level 2. HP: 16/17 MP: 0/5
   757 | D:1      | Reached XP level 3. HP: 19/21 MP: 0/6
  1076 | D:2      | Reached skill level 4 in Fire Magic
  1134 | D:2      | Reached XP level 4. HP: 23/27 MP: 0/7
  1653 | D:3      | Found a faded altar of an unknown god.
  1730 | D:3      | Noticed grindst0ne's ghost (amateur FoFi)
  1767 | D:3      | Learned a level 3 spell: Conjure Flame
  2400 | D:4      | Reached XP level 5. HP: 31/31 MP: 4/8
  2716 | D:3      | Found a shimmering altar of Xom.
  2716 | D:3      | Found a sacrificial altar of Ru.
  2774 | D:3      | Learned a level 4 spell: Sticky Flame
  3195 | D:3      | Killed from afar by an orc priest

Skill      XL: |  1  2  3  4 |
---------------+-------------+-----
Conjurations   | 2 3 |  3.9
Fire Magic     | 4 |  4.8
Dodging        | |  2.0
Stealth        | |  2.6
Spellcasting   | |  2.0

Action                   |  1- 3 |  4- 6 || total
-------------------------+-------+-------++-------
Melee: Unarmed           |    25 |    37 ||    62
       Tentacles         |     4 |     3 ||     7
       Constrict         |     8 |    10 ||    18
 Cast: Flame Tongue      |    43 |    93 ||   136
 Stab: Sleeping          |     2 |     3 ||     5
  Eat: Chunk             |     1 |     8 ||     9
Armor: Skin              |     2 |     8 ||    10
Dodge: Dodged            |    25 |    68 ||    93
